 Dungeon Crawl Stone Soup version 0.20.1-1-g8b1a95d (webtiles) character file.

50273 Lovchig the Severer (level 14, -9/132 HPs)
             Began as a Deep Dwarf Fighter on Nov 14, 2017.
             Was the Champion of the Shining One.
             Killed from afar by a lich (54 damage)
             ... with a poison arrow
             ... on level 1 of the Depths.
             The game lasted 00:53:02 (10346 turns).

Lovchig the Severer (Deep Dwarf Fighter)           Turns: 10346, Time: 00:53:04

Health: -9/132     AC: 26    Str: 28    XL:     14   Next: 19%
Magic:  0/0        EV: 13    Int: 17    God:    the Shining One [******]
Gold:   1173       SH:  0    Dex: 14    Spells: 13/13 levels left

rFire    . . .     SeeInvis .   E - +2 battleaxe (curse)
rCold    . . .     Gourm    .   (shield currently unavailable)
rNeg     + + +     Faith    +   D - +0 plate armour
rPois    .         Spirit   .   B - +2 hat {MR+}
rElec    .         Reflect  .   e - +2 cloak
rCorr    .         Harm     .   (no gloves)
MR       ++++.                  L - +1 pair of boots
Stlth    ..........             i - amulet of faith
Regen    0.0/turn               g - +5 ring of intelligence
MPRegen  0.1/turn               n - +4 ring of intelligence

@: lethally poisoned (-9 -> -64), non-regenerating, glowing
A: damage resistance, heal wounds, beak, molten scales 1, rugged brown scales 1,
agile 1, magic resistance 1, negative energy resistance 1, sense surroundings 2,
strong 1, subdued magic 1, no regeneration
a: Heal Wounds, Divine Shield, Cleansing Flame, Summon Divine Warrior, Brand
Weapon With Holy Wrath, Renounce Religion


You were on level 1 of the Depths.
You worshipped the Shining One.
The Shining One was exalted by your worship.
You were not hungry.

You visited 3 branches of the dungeon, and saw 17 of its levels.

You collected 1173 gold pieces.

Inventory:

Hand Weapons
 z - a +1 scimitar of flaming
 C - a +1 broad axe
 E - a cursed +2 battleaxe (weapon)
 Q - a +2 battleaxe of flaming
Armour
 e - a +2 cloak (worn)
 B - a +2 hat of magic resistance (worn)
 D - a +0 plate armour (worn)
 L - a +1 pair of boots (worn)
 P - a +0 large shield
Jewellery
 g - a +5 ring of intelligence (left hand)
 i - an amulet of faith (around neck)
 n - a +4 ring of intelligence (right hand)
Wands
 y - a wand of polymorph (15/24)
 F - a wand of disintegration (14/24)
 G - a wand of lightning (7/15)
 J - a wand of lightning (6/15)
 O - a wand of lightning (5/15)
Scrolls
 j - 3 scrolls of magic mapping
 k - 7 scrolls of teleportation
 u - a scroll of fear
 x - 2 scrolls of fog
 M - a scroll of amnesia
Potions
 b - 5 potions of curing
 d - a potion of might
 l - a potion of haste
 m - 2 potions of brilliance
 p - 3 potions of resistance
 q - 3 potions of berserk rage
 r - 3 potions of agility
 s - a potion of ambrosia
 t - 2 potions of flight
 A - 2 potions of heal wounds
 K - 2 potions of lignification
Miscellaneous
 H - a fan of gales
 I - a crystal ball of energy
Comestibles
 f - 7 bread rations
 h - 5 meat rations
 o - 5 fruits
 v - 4 chunks of flesh
 w - 15 royal jellies


   Skills:
 * Level 9.5 Fighting
 * Level 17.3 Axes
 * Level 11.0 Armour
 * Level 9.1 Dodging
 * Level 11.2 Shields


You had 13 spell levels left.
You didn't know any spells.

Dungeon Overview and Level Annotations

Branches:
Dungeon (15/15)            Temple (1/1) D:5            Lair (0/6) D:9
    Orc (0/2) D:9          Vaults (0/5) D:13         Depths (1/5) D:15

Altars:
Ashenzari
Cheibriados
Dithmenos
Elyvilon
Fedhas
Gozag
Hepliaklqana
Kikubaaqudgha
Makhleb
Nemelex Xobeh
Okawaru
Qazlal
Ru
Sif Muna
Trog
Uskayaw
Vehumet
Xom
Yredelemnul
Zin
The Shining One

Portals:
Pandemonium: Depths:1
Ziggurat: Depths:1
Trove: D:12 (give 17 potions of curing)


Innate Abilities, Weirdness & Mutations

You are resistant to damage.
You can heal yourself by infusing magical energy.
You resist negative energy. (rN+)
You passively map the area around you.
You do not regenerate.
You have a beak for a mouth.
You are partially covered in molten scales. (AC +2)
You are partially covered in rugged brown scales. (AC +1, +3% HP)
You are agile. (Dex +2)
You are resistant to hostile enchantments. (MR+)
Your muscles are strong. (Str +2)
Your spells are a little easier to cast, but a little less powerful.


Message History

The lich is severely damaged.
You slash the wraith! You hit the wraith but do no damage.
The lich closely misses you. The wraith barely misses you. x2
The lich points at you and mumbles some strange words.
The poison arrow hits you!
You are more poisoned.
* * * LOW HITPOINT WARNING * * *
You feel much better.
* * * LOW HITPOINT WARNING * * *
You feel very sick. The lich touches you.
* * * LOW HITPOINT WARNING * * *
The wraith barely misses you. The wraith hits you but does no damage.
Your magical essence is drained by the effort!
You feel much better.
You feel very sick.
The lich gestures at you while chanting.
The poison arrow hits you!
You are lethally poisoned!
You die...

*, * * * , , * * * * *, *
, *, * ,,, , , * * , *,
,* * , , *** * * * * * ,
, #)#######+##+######+##
*,
#.#..................#* *
* #.#............W@L...+
, ,, ,
#.#............=W....#
#.#.....#.........%..# ,
* * *,
#.#....###...........# *
* *
#.#...##.##..........#,
#.'..##.∩.##.........#,
*, *
#.#...##.##..........# *
#.#....###...........#
*,*
#.#.....#............#+##


You could see a lich and 2 wraiths.

Vanquished Creatures
  Gastronok (D:8)
  Kirke (D:13)
  Louise (D:15)
  A stone giant (Depths:1)
  Nessos (D:14)
  Josephine (D:14)
  4 centaur warriors
  6 two-headed ogres
  2 dancing weapons (D:13)
  The ghost of Ymberto the Fighter, a novice HuHu of Okawaru (D:7)
  A death knight (D:12)
  2 tengu warriors (D:15)
  The ghost of Thaneod the Cleaver, a novice MiCK of Xom (D:8)
  2 skeletal warriors (D:15)
  A wizard (D:15)
  5 unseen horrors
  A fire giant zombie (D:15)
  A phantasmal warrior (D:15)
  A necromancer (D:15)
  An orc knight (D:15)
  3 deep elf magi
  A frost giant zombie (D:15)
  A tengu zombie (D:15)
  2 wolf spider zombies
  8 ugly things
  3 cyclopes
  A gargoyle (D:14)
  A kobold demonologist (D:12)
  An efreet (D:13)
  A freezing wraith (D:14)
  A guardian mummy (D:12)
  5 trolls
  Grinder (D:6)
  A spriggan zombie (D:15)
  4 slime creatures
  3 hornets
  Prince Ribbit (D:6)
  7 hippogriffs
  Sigmund (D:2)
  2 centaur simulacra (D:15)
  2 shadows
  5 wyverns
  5 wraiths (D:14)
  Eustachio (D:6)
  5 hogs (D:13)
  A basilisk (D:15)
  9 yaks (D:10)
  3 vampires
  2 hungry ghosts
  7 vampire mosquitoes
  A warg (D:15)
  A soldier ant (D:14)
  A water moccasin (D:11)
  2 hell hounds (D:9)
  5 sky beasts
  3 ice beasts
  9 orc warriors
  2 phantoms
  A necrophage (D:13)
  3 ogres
  9 centaurs
  2 crocodiles
  2 big kobolds
  7 bullfrogs
  A wyvern skeleton (D:8)
  2 scorpions
  An electric eel (D:14)
  2 howler monkeys
  12 wights
  A centaur zombie (D:8)
  8 crimson imps
  2 bullfrog zombies
  4 quasits
  5 jellies
  3 bullfrog skeletons
  14 orc priests
  2 hounds
  Crazy Yiuf (D:3)
  4 centaur skeletons
  11 orc wizards
  Jessica (D:2)
  A gnoll shaman (D:7)
  4 iguanas
  Terence (D:3)
  3 worker ants
  A hound zombie (D:8)
  2 hound skeletons
  A worker ant zombie (D:6)
  4 gnolls (D:7)
  15 adders
  A shadow imp (D:9)
  8 oozes
  An adder skeleton (D:10)
  5 worms
  2 dart slugs
  12 leopard geckos
  74 orcs
  3 ball pythons
  9 bats
  6 giant cockroaches
  9 goblins
  8 hobgoblins
  4 jackals
  11 kobolds
  2 quokkas
  4 frilled lizards
  A jackal skeleton (D:6)
  A quokka skeleton (D:4)
  10 rats
  2 withered plants (D:15)
450 creatures vanquished.

Vanquished Creatures (others)
  An ugly thing (D:15)
  An orc wizard (D:3)
  An adder (D:3)
  An orc (D:3)
4 creatures vanquished.

Grand Total: 454 creatures vanquished

Notes
Turn   | Place    | Note
-------+----------+-------------------------------------------
     0 | D:1      | Lovchig the Deep Dwarf Fighter began the quest for the Orb.
     0 | D:1      | Reached XP level 1. HP: 20/20 MP: 1/1
   189 | D:1      | Reached XP level 2. HP: 18/27 MP: 2/2
   809 | D:2      | Reached XP level 3. HP: 18/33 MP: 3/3
   827 | D:2      | Noticed Sigmund
   872 | D:2      | Killed Sigmund
   872 | D:2      | Reached skill level 4 in Axes
   872 | D:2      | Reached skill level 1 in Dodging
   872 | D:2      | Reached XP level 4. HP: 29/42 MP: 4/4
   872 | D:2      | Reached XP level 5. HP: 34/49 MP: 5/5
  1098 | D:2      | Noticed Jessica
  1102 | D:2      | Killed Jessica
  1290 | D:2      | Reached XP level 6. HP: 39/56 MP: 6/6
  1498 | D:3      | HP: 1/56 [orc priest/divine providence (16)]
  1507 | D:3      | Reached skill level 5 in Axes
  1715 | D:3      | Found a runed door.
  1759 | D:3      | Noticed Terence
  1797 | D:3      | Killed Terence
  2075 | D:3      | Noticed Crazy Yiuf
  2081 | D:3      | Killed Crazy Yiuf
  2081 | D:3      | Reached skill level 5 in Armour
  2156 | D:4      | Found a shadowy altar of Dithmenos.
  2186 | D:4      | Reached XP level 7. HP: 36/63 MP: 7/7
  2530 | D:5      | Entered Level 5 of the Dungeon
  2582 | D:5      | Reached skill level 6 in Axes
  2882 | D:5      | Reached skill level 5 in Shields
  3048 | D:5      | Found a staircase to the Ecumenical Temple.
  3187 | Temple   | Entered the Ecumenical Temple
  3221 | Temple   | Became a worshipper of the Shining One
  3350 | D:6      | Noticed Eustachio
  3360 | D:6      | Reached skill level 7 in Axes
  3360 | D:6      | Reached XP level 8. HP: 25/72 MP: 6/6
  3377 | D:6      | Killed Eustachio
  3496 | D:6      | Reached * piety under the Shining One
  3501 | D:6      | Reached skill level 8 in Axes
  3596 | D:6      | Noticed Grinder
  3605 | D:6      | Killed Grinder
  3720 | D:6      | Noticed Prince Ribbit
  3738 | D:6      | Killed Prince Ribbit
  3738 | D:6      | Gained mutation: You passively map the area around you. [Deep Dwarf growth]
  3738 | D:6      | Reached XP level 9. HP: 31/79 MP: 7/7
  3789 | D:6      | Reached skill level 9 in Axes
  4056 | D:7      | Paralysed by a hornet for 1 turns
  4057 | D:7      | Noticed Ymberto's ghost (novice HuHu)
  4057 | D:7      | Reached ** piety under the Shining One
  4066 | D:7      | Paralysed by a hornet for 2 turns
  4086 | D:7      | Killed Ymberto's ghost
  4086 | D:7      | Reached skill level 5 in Fighting
  4299 | D:7      | Reached skill level 10 in Axes
  4768 | D:7      | Gained mutation: Your magical capacity is low. (-10% MP) [potion of mutation]
  4768 | D:7      | Gained mutation: Scrolls take you a little longer to read. [potion of mutation]
  4768 | D:7      | Gained mutation: You have sharp toenails. [potion of mutation]
  4867 | D:8      | Reached skill level 5 in Dodging
  4867 | D:8      | Reached XP level 10. HP: 70/88 MP: 5/5
  4896 | D:8      | Noticed Thaneod's ghost (novice MiCK)
  4901 | D:8      | Paralysed by Thaneod's ghost for 6 turns
  4927 | D:8      | Killed Thaneod's ghost
  4990 | D:8      | Noticed a cyclops
  5002 | D:8      | Killed a cyclops
  5019 | D:8      | Reached *** piety under the Shining One
  5030 | D:8      | Noticed Gastronok
  5048 | D:8      | Killed Gastronok
  5048 | D:8      | Reached skill level 11 in Axes
  5316 | D:9      | Found a staircase to the Orcish Mines.
  5474 | D:9      | Lost mutation: Scrolls take you a little longer to read. [potion of mutation]
  5474 | D:9      | Lost mutation: Your magical capacity is low. (-10% MP) [potion of mutation]
  5474 | D:9      | Lost mutation: You have sharp toenails. [potion of mutation]
  5474 | D:9      | Gained mutation: You have a beak for a mouth. [potion of mutation]
  5474 | D:9      | Gained mutation: You can translocate small distances at will. [potion of mutation]
  5474 | D:9      | Gained mutation: You have large cloven feet. [potion of mutation]
  5475 | D:9      | Lost mutation: You have large cloven feet. [potion of mutation]
  5475 | D:9      | Lost mutation: You can translocate small distances at will. [potion of mutation]
  5475 | D:9      | Lost mutation: You have a beak for a mouth. [potion of mutation]
  5475 | D:9      | Gained mutation: You are clumsy. (Dex -2) [potion of mutation]
  5475 | D:9      | Gained mutation: You are robust. (+10% HP) [potion of mutation]
  5495 | D:9      | Reached skill level 12 in Axes
  5647 | D:9      | Found a staircase to the Lair.
  5665 | D:9      | Reached XP level 11. HP: 108/108 MP: 5/5
  5740 | D:10     | Entered Level 10 of the Dungeon
  5781 | D:10     | Lost mutation: You are robust. (+10% HP) [potion of mutation]
  5781 | D:10     | Lost mutation: You are clumsy. (Dex -2) [potion of mutation]
  5781 | D:10     | Gained mutation: You are resistant to hostile enchantments. (MR+) [potion of mutation]
  5781 | D:10     | Gained mutation: Your body sometimes deteriorates upon taking damage. [potion of mutation]
  5781 | D:10     | Gained mutation: You possess an exceptional clarity of mind. [potion of mutation]
  5782 | D:10     | Lost mutation: Your body sometimes deteriorates upon taking damage. [potion of mutation]
  5782 | D:10     | Lost mutation: You possess an exceptional clarity of mind. [potion of mutation]
  5782 | D:10     | Gained mutation: You are partially covered in rugged brown scales. (AC +1, +3% HP) [potion of mutation]
  5782 | D:10     | Gained mutation: You possess an exceptional clarity of mind. [potion of mutation]
  5782 | D:10     | Gained mutation: Your muscles are strong. (Str +2) [potion of mutation]
  5878 | D:10     | Reached **** piety under the Shining One
  6031 | D:10     | Lost mutation: Your muscles are strong. (Str +2) [mutagenic meat]
  6032 | D:10     | Gained mutation: You have a beak for a mouth. [mutagenic meat]
  6033 | D:10     | Gained mutation: You are dopey. (Int -2) [mutagenic meat]
  6035 | D:10     | Gained mutation: You expend magic power (3 MP) to strengthen your wands. [mutagenic meat]
  6871 | D:11     | Reached skill level 13 in Axes
  6882 | D:11     | Gained mutation: Your spells are a little easier to cast, but a little less powerful. [mutagenic meat]
  6931 | D:11     | Gained mutation: Your muscles are strong. (Str +2) [mutagenic meat]
  6932 | D:11     | Lost mutation: You are dopey. (Int -2) [mutagenic meat]
  6933 | D:11     | Gained mutation: You are agile. (Dex +2) [mutagenic meat]
  6934 | D:11     | Lost mutation: You expend magic power (3 MP) to strengthen your wands. [mutagenic meat]
  6990 | D:12     | Reached ***** piety under the Shining One
  7132 | D:12     | Found a portal to a secret trove of treasure.
  7190 | D:12     | Noticed a cyan ugly thing
  7205 | D:12     | Killed a cyan ugly thing
  7209 | D:12     | Noticed a two-headed ogre
  7222 | D:12     | Killed a two-headed ogre
  7318 | D:12     | Noticed a four-headed hydra
  7398 | D:12     | Noticed an unseen horror
  7404 | D:12     | Killed an unseen horror
  7506 | D:12     | Noticed a death knight
  7528 | D:12     | Killed a death knight
  7570 | D:12     | Noticed a purple ugly thing
  7583 | D:12     | Killed a purple ugly thing
  7583 | D:12     | Reached XP level 12. HP: 68/112 MP: 5/5
  7620 | D:12     | Paralysed by a hornet for 3 turns
  7802 | D:13     | Noticed a centaur warrior
  7802 | D:13     | Noticed a centaur warrior
  7811 | D:13     | Killed a centaur warrior
  7811 | D:13     | Reached skill level 14 in Axes
  7817 | D:13     | Killed a centaur warrior
  7822 | D:13     | Gained mutation: You are partially covered in molten scales. (AC +2) [mutagenic meat]
  8235 | D:13     | Found a gate to the Vaults.
  8256 | D:13     | Noticed Kirke
  8262 | D:13     | Noticed a two-headed ogre
  8273 | D:13     | Killed Kirke
  8273 | D:13     | Reached skill level 10 in Armour
  8273 | D:13     | Reached skill level 10 in Shields
  8277 | D:13     | Killed a two-headed ogre
  8277 | D:13     | Reached skill level 15 in Axes
  8388 | D:13     | Reached ****** piety under the Shining One
  8504 | D:13     | Noticed a two-headed ogre
  8512 | D:13     | Killed a two-headed ogre
  8648 | D:14     | Noticed a two-headed ogre
  8658 | D:14     | Killed a two-headed ogre
  8658 | D:14     | Reached XP level 13. HP: 79/121 MP: 5/5
  8782 | D:14     | Noticed Josephine
  8795 | D:14     | Killed Josephine
  8879 | D:14     | Noticed Nessos
  8901 | D:14     | Killed Nessos
  9410 | D:15     | Entered Level 15 of the Dungeon
  9444 | D:15     | Reached skill level 16 in Axes
  9472 | D:15     | Lost mutation: You possess an exceptional clarity of mind. [mutagenic meat]
  9596 | D:15     | Found a stormy altar of Qazlal.
  9598 | D:15     | Noticed Louise
  9647 | D:15     | Killed Louise
  9679 | D:15     | Found a staircase to the Depths.
  9830 | D:15     | Gained mutation: You resist negative energy. (rN+) [Deep Dwarf growth]
  9830 | D:15     | Reached XP level 14. HP: 59/132 MP: 1/1
  9832 | D:15     | Reached skill level 17 in Axes
  9929 | D:15     | Found a basalt altar of Yredelemnul.
 10256 | Depths:1 | Entered Level 1 of the Depths
 10277 | Depths:1 | Found a gateway to a ziggurat.
 10280 | Depths:1 | Noticed a stone giant
 10283 | Depths:1 | Found a one-way gate leading to the halls of Pandemonium.
 10297 | Depths:1 | Killed a stone giant
 10333 | Depths:1 | Noticed a lich
 10346 | Depths:1 | Killed from afar by a lich

Skill      XL: |  1  2  3  4  5  6  7  8  9 10 11 12 13 14 |
---------------+-------------------------------------------+-----
Armour         | 4 5 6 7 8 9 10 11 | 11.0
Fighting       | 3 4 5 6 7 8 9 |  9.5
Axes           | 4 5 7 8 10 12 13 15 16 17 | 17.3
Dodging        | 1 2 3 5 6 7 8 9 |  9.1
Shields        | 4 5 7 9 10 11 | 11.2

Action                   |  1- 3 |  4- 6 |  7- 9 | 10-12 | 13-15 || total
-------------------------+-------+-------+-------+-------+-------++-------
Melee: War axe           |    93 |   186 |   320 |   426 |       ||  1025
       Kick              |       |       |     8 |    36 |       ||    44
       Peck              |       |       |       |    94 |   100 ||   194
       Broad axe         |       |       |       |   165 |    77 ||   242
       Battleaxe         |       |       |       |       |   264 ||   264
 Abil: Heal Wounds       |     4 |     4 |    11 |    32 |    16 ||    67
  Use: Scroll            |     2 |     6 |     8 |    18 |     4 ||    38
       Potion            |       |       |     1 |     4 |       ||     5
  Eat: Chunk             |       |     5 |     9 |    28 |     7 ||    49
Armor: Scale mail        |    42 |    57 |       |       |       ||    99
       Chain mail        |       |    31 |   105 |       |       ||   136
       Plate armour      |       |       |    73 |   291 |   205 ||   569
       Skin              |       |       |       |     3 |       ||     3
Dodge: Dodged            |    21 |    44 |   106 |   225 |   179 ||   575
Block: Shield            |    35 |    81 |   196 |   439 |    90 ||   841
